 Dungeon Crawl Stone Soup version 0.28-a0-1236-gb25a51b929 (webtiles) character file.

Game seed: 14547611240053679917

1 croobank the Gusty (level 1, 0/10 HPs)
             Began as a Kobold Air Elementalist on Dec 25, 2021.
             Slain by a giant cockroach (1 damage)
             ... on level 1 of the Dungeon.
             The game lasted 00:00:49 (45 turns).

croobank the Gusty (Kobold Air Elementalist)          Turns: 45, Time: 00:00:50

Health: 0/10       AC:  2    Str:  5    XL:     1   Next: 22%
Magic:  1/3        EV: 15    Int: 16    God:
Gold:   0          SH:  0    Dex: 15    Spells: 3/4 levels left

rFire   . . .      SeeInvis .   (weapon restricted)
rCold   . . .      Faith    .   (shield restricted)
rNeg    . . .      Spirit   .   a - +0 robe
rPois   .          Reflect  .   (no helmet)
rElec   .          Harm     .   (no cloak)
rCorr   .          Rampage  .   (no gloves)
Will    .....                   (no boots)
Stlth   +++.......              (no amulet)
HPRegen 0.03/turn               (no ring)
MPRegen 0.08/turn               (no ring)

@: no status effects
A: small, no large weapons, nightstalker 3
a: no special abilities


You were on level 1 of the Dungeon.
You visited 1 branch of the dungeon, and saw 1 of its levels.

Inventory:

Armour
 a - a +0 robe (worn)


   Skills:
 + Level 2.4 Dodging
 + Level 2.7 Stealth
 + Level 2.2 Spellcasting
 + Level 1.0 Conjurations
 + Level 3.0 Air Magic


You had 3 spell levels left.
You knew the following spells:

 Your Spells              Type           Power      Damage    Failure   Level
a - Shock                 Conj/Air       32%        1d5       9%          1

Your spell library contained the following spells:

 Spells                   Type           Power      Damage    Failure   Level
 Static Discharge         Conj/Air       8%         N/A       13%         2
 Swiftness                Air            11%        N/A       19%         3
 Airstrike                Air            5%         N/A       52%         4


Dungeon Overview and Level Annotations

Branches:
Dungeon (1/15)

Altars:


Innate Abilities, Weirdness & Mutations

You are small and have problems with some larger weapons.
You are completely attuned to the shadows.


Message History

Casting: Shock (safe; 9% risk of failure)
Confirm with . or Enter, or press ? or * to list all spells.
You don't have enough magic to cast this spell.
The giant cockroach misses you. The hobgoblin closely misses you.
The giant cockroach bites you but does no damage.
The hobgoblin closely misses you. The giant cockroach barely misses you.
The giant cockroach closely misses you. The giant cockroach misses you.
Casting: Shock (safe; 9% risk of failure)
Confirm with . or Enter, or press ? or * to list all spells.
Aiming: Shock (safe; 9% risk of failure)
Press: ? - help, Shift-Dir - straight line, f/p - hobgoblin
Aim: a hobgoblin (heavily wounded, 68% to hit)
The zap misses the giant cockroach.
The zap hits the hobgoblin.
You kill the hobgoblin!
The giant cockroach misses you.
You barely miss the giant cockroach.
The giant cockroach completely misses you.
The giant cockroach misses you.
You closely miss the giant cockroach. The giant cockroach barely misses you.
You barely miss the giant cockroach.
The giant cockroach completely misses you.
You hit the giant cockroach but do no damage.
The giant cockroach completely misses you.
You closely miss the giant cockroach. The giant cockroach closely misses you.
The giant cockroach barely misses you.
You hit the giant cockroach but do no damage.
The giant cockroach misses you.
You hit the giant cockroach but do no damage.
The giant cockroach bites you.
* * * LOW HITPOINT WARNING * * *
You hit the giant cockroach but do no damage.
The giant cockroach misses you.
You barely miss the giant cockroach.
The giant cockroach waves its antennae.
The giant cockroach barely misses you.
You hit the giant cockroach but do no damage.
The giant cockroach bites you.
You die...

#♣## ..# . ♣.# ..
#.############
...♣..........B@#
.........#..†..##
#♣#♣#.#..##...##
...####..#..###
...# ..........
.# ..........
⌠...<...⌠.
..........
..........


You could see a giant cockroach.

Vanquished Creatures
  A hobgoblin (D:1)
1 creature vanquished.

Notes
Turn   | Place    | Note
-------+----------+-------------------------------------------
     0 | D:1      | croobank the Kobold Air Elementalist began the quest for
                  | the Orb.
     0 | D:1      | Reached XP level 1. HP: 10/10 MP: 3/3
    45 | D:1      | Slain by a giant cockroach

Illustrated notes

Levels and vault maps discovered:
D:1:      dpeg_arrival_arbitrary_c, layout_rooms, serial_forest,
          infiniplex_forest_clump_long, infiniplex_forest_clump_curved,
          infiniplex_forest_lined_1, infiniplex_forest_clump_curved,
          infiniplex_forest_lined_room_2, infiniplex_forest_lined_room_2,
          infiniplex_forest_clump_medium, infiniplex_forest_corner_1,
          infiniplex_forest_lined_corner,
          dreamdust_ecumenical_altar_hidden_monk_grotto

Action                   || total
-------------------------++-------
Melee: Unarmed           ||    10
 Cast: Shock             ||     4
Armor: Robe              ||     1
Dodge: Dodged            ||    21

Table legend: (Time is in decaauts)
 A = Elapsed time spent in this place.
 B = Non-inter-level travel time spent in this place.
 C = Inter-level travel time spent in this place.
 D = Time resting spent in this place.
 E = Time spent auto-exploring this place.
 F = Levels seen in this place.
 G = Mean time per level.
                   A        B        C        D        E       F      G
               +--------+--------+--------+--------+--------+-----+--------+
         Total |     45 |     45 |      0 |      0 |     16 |   1 |   45.0 |
       Dungeon |     45 |     45 |      0 |      0 |     16 |   1 |   45.0 |
               +--------+--------+--------+--------+--------+-----+--------+

Top non-repeatable levels by time:
     D:1: 45 daAuts
